 Dungeon Crawl Stone Soup version 0.29-a0-1033-gb6c65ffae6 (webtiles) character file.

Game seed: 7448327442142441051

102215 enile the Fighter (level 16, -40/133 HPs)
             Began as a Formicid Earth Elementalist on Aug 14, 2022.
             Was a High Priest of Fedhas.
             Killed from afar by a white draconian (44 damage)
             ... with a blast of cold
             ... in an ice cave.
             The game lasted 01:06:03 (26098 turns).

enile the Fighter (Formicid Earth Elementalist)    Turns: 26098, Time: 01:06:04

Health: -40/133    AC:  6    Str: 13    XL:     16   Next: 85%
Magic:  25/35      EV: 18    Int: 20    God:    Fedhas [*****.]
Gold:   1665       SH: 14    Dex: 20    Spells: 10/29 levels left

rFire   + . .      SeeInvis +   O - +0 quarterstaff (spect)
rCold   . . .      Faith    .   E - +2 kite shield {reflect}
rNeg    + + .      Spirit   .   v - +3 robe "Molom" {rCorr Int+3 Slay+3}
rPois   +          Reflect  +   (helmet unavailable)
rElec   +          Harm     .   T - +0 cloak of Polytheism {rElec rF++}
rCorr   +          Rampage  .   (no gloves)
Will    +++..                   (no boots)
Stlth   +++.......              y - amulet of regeneration
HPRegen 1.12/turn               F - ring "Meuxt" {rElec rPois rF- rN++ Will+}
MPRegen 0.24/turn               L - ring of magical power

@: studying 2 skills
A: permanent stasis, dig shafts and tunnels, antennae 3, four strong arms, agile
1, dopey 1, strong-willed 1
a: Dig, Renounce Religion, Wall of Briars, Grow Ballistomycete, Overgrow, Grow
Oklob


You were in an ice cave.
You worshipped Fedhas.
Fedhas was extremely pleased with you.
You visited 2 branches of the dungeon, and saw 20 of its levels.
You visited 1 bazaar.
You also visited: Ossuary, Bailey, Gauntlet and Ice Cave.

You collected 2262 gold pieces.
You spent 597 gold pieces at shops.

Inventory:

Hand Weapons
 z - the +6 arbalest "Damnation" {damnation}
   (You took it off a minotaur in a Gauntlet)

   Any ammunition fired from it explodes in a burst of damnation on striking a
   foe, dealing damage which bypasses armour.
 O - a +0 spectral quarterstaff (weapon)
Missiles
 p - 12 javelins
 s - 2 curare-tipped darts (quivered)
 I - 2 throwing nets
 M - 3 datura-tipped darts
 P - 2 boomerangs of dispersal
Armour
 v - the +3 robe "Molom" (worn) {rCorr Int+3 Slay+3}
   (You bought it in a shop on level 6 of the Dungeon)

   Int:       It affects your intelligence (+3).
   Slay:      It affects your accuracy & damage with ranged weapons and melee
   (+3).
   rCorr:     It protects you from acid and corrosion.
 E - a +2 kite shield of reflection (worn)
 G - an orb of guile
 T - the +0 cloak of Polytheism (worn) {rElec rF++}
   (You found it on level 8 of the Dungeon)

   rF:        It greatly protects you from fire.
   rElec:     It insulates you from electricity.
 W - a +0 buckler
Jewellery
 u - an amulet of the acrobat
 y - an amulet of regeneration (around neck)
 F - the ring "Meuxt" (left hand) {rElec rPois rF- rN++ Will+}
   (You found it in a Gauntlet)

   [ring of poison resistance]

   rF:        It makes you vulnerable to fire.
   rElec:     It insulates you from electricity.
   rPois:     It protects you from poison.
   rN:        It greatly protects you from negative energy.
   Will:      It increases your willpower.
 L - a ring of magical power (right hand)
 Q - a ring of protection from fire
 U - a ring of flight
 V - a ring of wizardry
Wands
 a - a wand of quicksilver (2)
 r - a wand of iceblast (20)
 H - a wand of flame (23)
 J - a wand of paralysis (20)
 X - a wand of polymorph (12)
Scrolls
 d - 2 scrolls of magic mapping
 e - a scroll of silence
 f - 14 scrolls of teleportation
 n - 5 scrolls of amnesia
 q - 8 scrolls of identify
 w - 3 scrolls of noise
 C - 4 scrolls of blinking
 D - a scroll of poison
 K - 5 scrolls of fear
 R - 2 scrolls of enchant armour
 S - 3 scrolls of butterflies
 Y - a scroll of torment
 Z - 2 scrolls of enchant weapon
Potions
 b - 5 potions of magic
 c - 2 potions of mutation
 g - 4 potions of attraction
 h - 3 potions of lignification
 i - 11 potions of curing
 j - 7 potions of flight
 k - 2 potions of resistance
 l - a potion of berserk rage
 m - 5 potions of degeneration
 o - 5 potions of brilliance
 t - 4 potions of haste
 x - a potion of cancellation
 A - 2 potions of ambrosia
 B - 3 potions of heal wounds
 N - a potion of might


   Skills:
 - Level 14.0 Fighting
 - Level 4.0(6.2) Maces & Flails
 - Level 7.5(8.0) Staves
 - Level 14.0 Ranged Weapons
 - Level 3.0 Throwing
 - Level 10.0 Dodging
 - Level 5.0 Stealth
 - Level 8.0 Shields
 - Level 7.0 Spellcasting
 + Level 11.7 Transmutations
 - Level 8.0 Earth Magic
 - Level 7.0 Invocations
 - Level 7.0 Evocations


You had 10 spell levels left.
You knew the following spells:

 Your Spells              Type           Power      Damage    Failure   Level
a - Sandblast             Erth           78%        2d17      1%          1
b - Passwall              Tmut/Erth      38%        N/A       1%          2
c - Stone Arrow           Conj/Erth      46%        3d9       11%         3
d - Tukima's Dance        Hex            7%         N/A       50%         3
e - Passage of Golubria   Tloc           7%         N/A       88%         4
f - Statue Form           Tmut/Erth      30%        N/A       45%         6

Your spell library contained the following spells:

 Spells                   Type           Power      Damage    Failure   Level
 Beastly Appendage        Tmut           100%       N/A       1%          1
 Sting                    Tmut/Pois      100%       1d8       1%          1
 Wereblood                Tmut           52%        N/A       1%          2
 Petrify                  Tmut/Erth      46%        N/A       3%          4
 Spider Form              Tmut/Pois      30%        N/A       4%          3
 Ignite Poison            Fire/Tmut/Pois 22%        N/A       11%         3
 Apportation              Tloc           14%        N/A       19%         1
 Necrotise                Necr           28%        1d5       19%         1
 Summon Small Mammal      Summ           28%        N/A       19%         1
 Lee's Rapid Deconstruct  Erth           19%        3d12*     19%         5
 Poisonous Vapours        Pois/Air       14%        N/A       28%         2
 Scorch                   Fire           14%        2d6       28%         2
 Alistair's Intoxication  Tmut/Pois      20%        N/A       43%         5
 Yara's Violent Unravell  Hex/Tmut       15%        3d8       43%         5
 Dazzling Flash           Conj/Hex       14%        N/A       50%         3
 Ozocubu's Armour         Ice            7%         N/A       50%         3
 Corpse Rot               Necr/Pois/Air  7%         N/A       88%         4
 Fulminant Prism          Conj/Hex       3%         3d6       88%         4
 Iskenderun's Mystic Bla  Conj/Tloc      7%         2d4       88%         4
 Sticky Flame             Conj/Fire      7%         2d3       88%         4
 Summon Lightning Spire   Summ/Air       7%         N/A       88%         4
 Agony                    Necr           7%         N/A       99%         5
 Manifold Assault         Tloc           7%         N/A       99%         5
 Metabolic Englaciation   Hex/Ice        3%         N/A       99%         5
 Silence                  Hex/Air        3%         N/A       99%         5
 Simulacrum               Ice/Necr       3%         N/A       100%        6
 Storm Form               Tmut/Air       15%        N/A       100%        7
 Maxwell's Capacitive Co  Air            3%         ∞         100%        8
 Blink                    Tloc           Unusable   N/A       N/A         2

Dungeon Overview and Level Annotations

Branches:
Dungeon (15/15)            Temple (0/1) D:6            Lair (5/5) D:10
 Shoals (0/4) Lair:3       Spider (0/4) Lair:3        Slime (0/5) Lair:4
    Orc (0/2) D:9          Vaults (0/5) D:14         Depths (0/4) D:15
Ossuary (visited)          Bailey (visited)           IceCv (1/1)
Gauntlet (visited)

Altars:
Dithmenos
Elyvilon
Fedhas
Hepliaklqana
Nemelex Xobeh
Uskayaw
Vehumet
Xom
Yredelemnul
Zin
The Shining One

Shops:
D:2 ?   D:3 :   D:6 [   D:12 :

Annotations:
D:3 4 runed translucent doors, Crazy Yiuf; Heh's ghost, amateur OpFi
D:9 4 runed translucent doors
D:11 2 transporters


Innate Abilities, Weirdness & Mutations

You cannot be hasted, slowed, berserked, paralysed or teleported.
You can dig through walls and to a lower floor.
You have a pair of large antennae on your head. (SInv)
Your four strong arms can wield two-handed weapons with a shield.
You are agile. (Dex +4, Str/Int -1)
You are dopey. (Int -2)
You are strong-willed. (Will+)


Message History

The white draconian knight freezes you.
* * * LOW HITPOINT WARNING * * *
You feel much better.
The white draconian knight mumbles some strange words.
The white draconian knight flickers and vanishes for a moment.
Something hits your briar patch! Something freezes your briar patch.
The white draconian knight hits your briar patch with a +0 glaive of freezing!!
The white draconian knight freezes your briar patch.
Your briar patch is destroyed!
Your briar patch disappears in a puff of smoke!
The white draconian knight breathes frost at you.
The blast of cold misses you. Something hits your briar patch!!
Something freezes your briar patch.
Your briar patch is destroyed!
Your briar patch disappears in a puff of smoke!
Aiming: Iceblast
Press: ? - help, Shift-Dir - straight line, f - white draconian knight
Aim: a white draconian knight, wielding a +0 glaive of freezing and wearing a +1 cloak (blue smoke, fast, slightly transparent, catching its breath)
Okay, then.
A briar patch grows up from the ground. x4
You walk carefully through the plants.
The white draconian knight breathes frost at you.
The blast of cold hits your briar patch!!!
Your briar patch is destroyed!
Your briar patch disappears in a puff of smoke!
The blast of cold misses you.
Okay, then.
Okay, then.
Aiming: Grow Ballistomycete (8% risk of failure)
Press: ? - help, Dir - move target, p - white draconian A ballistomycete grows from the ground.
The white draconian knight hits you from afar with a +0 glaive of freezing!!
* * * LOW HITPOINT WARNING * * *
The white draconian knight freezes you!
* * * LOW HITPOINT WARNING * * *
The white draconian breathes frost at you.
The blast of cold hits the white draconian knight!
The white draconian knight resists.
The blast of cold hits you!!!
You die...
Fedhas appreciates your contribution to the ecosystem.

##..............
#..##.........##
##.###........##
#..# ##........
#.## #.......#
##.# ##.....##
#..# #..... #..#
##@P# ##..##
###q.## #P.§##
#d### ## #P§#
#..##.##
#...#dP# #d..##


You could see a white draconian knight (fast, invisible), a white draconian
(catching breath, ally target) and a friendly ballistomycete (summoned).

Vanquished Creatures
  An ironbound preserver (D:14)
  2 white draconians (IceCv)
  A dire elephant (Gauntlet)
  A minotaur (Gauntlet)
  Josephine (D:10)
  6 catoblepae
  3 boulder beetles
  An ogre mage (D:14)
  4 hydras
  2 two-headed ogres
  5 centaur warriors
  A death knight (D:13)
  A tengu warrior (D:14)
  9 death yaks
  An orc high priest (Bailey)
  10 skeletal warriors
  Lodul (D:14)
  An orange crystal statue (IceCv)
  An orb spider (Lair:3)
  An orc knight (Bailey)
  7 ugly things
  3 deep elf pyromancers
  A wolf spider (Lair:5)
  7 cyclopes
  7 manticores
  3 elephants (Gauntlet)
  An ice statue (D:15)
  8 black mambas
  2 torpor snails
  2 storm dragon simulacra (IceCv)
  2 rime drakes
  16 cane toads
  2 gargoyles
  13 komodo dragons
  A kobold demonologist (Bailey)
  A freezing wraith (D:14)
  4 golden dragon simulacra (IceCv)
  2 polar bears (Lair:5)
  4 meliai
  5 slime creatures
  A wind drake (Lair:3)
  2 hornets
  9 blink frogs
  2 dream sheep (D:3)
  4 wyverns
  A vampire (D:12)
  Sigmund (D:5)
  7 wraiths
  61 yaks
  9 vampire mosquitoes
  3 basilisks
  2 steam dragons
  2 acid dragons (D:9)
  14 water moccasins
  Duvessa (D:5)
  14 orc warriors
  2 black bears
  7 ogres (D:14)
  5 ice dragon simulacra (IceCv)
  6 wolves (Lair:1)
  8 centaurs
  2 kobold brigands (D:6)
  13 bullfrogs
  A gnoll sergeant (D:6)
  3 scorpions (D:5)
  15 wights
  2 lindwurm simulacra (IceCv)
  Dowan (D:4)
  7 killer bees
  6 howler monkeys
  6 electric eels
  5 jellies
  3 hounds
  A gnoll bouda (D:6)
  7 orc priests
  Natasha (thrice) (D:3)
  An iguana (D:5)
  13 orc wizards
  8 mummies (Ossuary)
  16 gnolls
  15 adders
  A shadow imp (D:6)
  A white imp (D:5)
  3 ufetubi
  A worm (D:2)
  A dart slug (D:1)
  47 orcs
  11 ball pythons
  14 endoplasms
  2 giant cockroaches
  A gnoll zombie (Ossuary)
  8 goblins
  14 hobgoblins
  4 jackals (D:4)
  A quokka (D:2)
  7 bats
  4 frilled lizards
  3 hobgoblin zombies (Ossuary)
  17 kobolds
  3 kobold zombies (Ossuary)
  An orc zombie (Ossuary)
  2 rats
579 creatures vanquished.

Vanquished Creatures (collateral kills)
  A centaur warrior (D:14)
  A tengu warrior (D:14)
  A death yak (Lair:5)
  A sixfirhy (Gauntlet)
  2 ugly things (D:14)
  2 meliai
  A blink frog (Lair:5)
  5 yaks
  A kobold brigand (D:9)
  2 killer bees (D:11)
  An orc priest (D:9)
  An adder (Lair:1)
  2 ufetubi (Gauntlet)
  3 orcs (D:9)
  A goblin (Bailey)
  3 kobolds (D:9)
  9 ballistomycete spores
37 creatures vanquished.

Vanquished Creatures (others)
  3 dream sheep (D:3)
  A ballistomycete spore (D:14)
  A bush (Lair:1)
  55 fungi
  97 plants
  5 toadstools (D:5)
162 creatures vanquished.

Grand Total: 778 creatures vanquished

Notes
Turn   | Place    | Note
-------+----------+-------------------------------------------
     0 | D:1      | enile the Formicid Earth Elementalist began the quest for
                  | the Orb.
     0 | D:1      | Reached XP level 1. HP: 13/13 MP: 3/3
   255 | D:1      | Reached XP level 2. HP: 19/19 MP: 3/5
   357 | D:1      | Learned a level 2 spell: Passwall
   932 | D:1      | Reached XP level 3. HP: 24/24 MP: 4/6
  1312 | D:2      | Found Uddoogge's Magic Scroll Emporium.
  1330 | D:2      | Bought a scroll of identify for 24 gold pieces
  1330 | D:2      | Bought a scroll of identify for 24 gold pieces
  1437 | D:2      | Reached skill level 1 in Fighting
  1524 | D:2      | Reached XP level 4. HP: 21/32 MP: 3/7
  1972 | D:3      | Noticed a dream sheep
  1972 | D:3      | Noticed a dream sheep
  1972 | D:3      | Noticed a dream sheep
  1972 | D:3      | Noticed a dream sheep
  1972 | D:3      | Noticed a dream sheep
  1972 | D:3      | Found a shimmering altar of Xom.
  1973 | D:3      | Killed a dream sheep
  1974 | D:3      | Reached XP level 5. HP: 41/41 MP: 7/9
  1974 | D:3      | Killed a dream sheep
  1975 | D:3      | Reached XP level 6. HP: 47/47 MP: 7/10
  1976 | D:3      | Killed a dream sheep
  1976 | D:3      | Killed a dream sheep
  1977 | D:3      | Killed a dream sheep
  2019 | D:3      | Noticed Natasha
  2254 | D:2      | Bought a scroll of identify for 24 gold pieces
  2329 | D:3      | Found a faded altar of an unknown god.
  2391 | D:3      | Killed Natasha
  2399 | D:3      | Prayed at the altar of an unknown god.
  2399 | D:3      | Became a worshipper of Elyvilon the Healer
  2399 | D:3      | Reached * piety under Elyvilon
  2606 | D:3      | Noticed Natasha
  2610 | D:3      | Killed Natasha
  2663 | D:3      | Found a runed translucent gate.
  2664 | D:3      | Found a runed translucent gate.
  2664 | D:3      | Found a runed translucent gate.
  2669 | D:3      | Noticed Heh's ghost (amateur OpFi)
  2820 | D:3      | Reached skill level 5 in Earth Magic
  2873 | D:3      | Found Niopaad's Book Shop.
  2944 | D:3      | Noticed Natasha
  2960 | D:3      | Killed Natasha
  2961 | D:3      | Reached XP level 7. HP: 20/52 MP: 8/11
  3179 | D:3      | Found a glowing silver altar of Zin.
  3475 | D:3      | Found a runed translucent door.
  3476 | D:3      | Noticed Crazy Yiuf
  3685 | D:4      | Found a glowing golden altar of the Shining One.
  3692 | D:4      | Fell from the grace of Elyvilon
  3692 | D:4      | Became a worshipper of the Shining One
  3780 | D:4      | Found a sand-covered staircase.
  3813 | Ossuary  | Entered an ossuary
  3815 | Ossuary  | Reached * piety under the Shining One
  3890 | Ossuary  | Learned a level 3 spell: Stone Arrow
  3991 | Ossuary  | Reached skill level 1 in Invocations
  4570 | D:4      | Found a hazy altar of Hepliaklqana.
  4695 | D:4      | Found a blossoming altar of Fedhas.
  5150 | D:4      | Fell from the grace of the Shining One
  5150 | D:4      | Became a worshipper of Fedhas Madash
  5179 | D:5      | Entered Level 5 of the Dungeon
  5364 | D:5      | Found a shadowy altar of Dithmenos.
  5369 | D:5      | Noticed Duvessa
  5369 | D:5      | Noticed Dowan
  5378 | D:5      | Reached XP level 8. HP: 58/58 MP: 4/12
  5393 | D:5      | Killed Duvessa
  5394 | D:5      | Reached skill level 5 in Invocations
  5588 | D:4      | Killed Dowan
  6019 | D:5      | Noticed Sigmund
  6031 | D:5      | Killed Sigmund
  6032 | D:5      | Reached skill level 5 in Fighting
  6419 | D:5      | Found a radiant altar of Vehumet.
  6621 | D:6      | Found Iddat's Antique Armour Shoppe.
  6630 | D:6      | Bought an ancient robe for 165 gold pieces
  6630 | D:6      | Identified the +3 robe "Molom" {rCorr Int+3 Slay+3} (You
                  | bought it in a shop on level 6 of the Dungeon)
  6668 | D:6      | Reached skill level 5 in Spellcasting
  6923 | D:6      | Reached XP level 9. HP: 68/68 MP: 8/16
  6939 | D:6      | Reached * piety under Fedhas
  7251 | D:6      | Reached skill level 5 in Evocations
  7693 | D:6      | Found a staircase to the Ecumenical Temple.
  7940 | D:6      | Found a hide-covered altar of Uskayaw.
  8515 | D:7      | Reached ** piety under Fedhas
  9123 | D:7      | Noticed a hornet
  9136 | D:7      | Killed a hornet
  9137 | D:7      | Reached skill level 1 in Throwing
  9450 | D:8      | Noticed a deep elf pyromancer
  9450 | D:8      | Noticed a cyclops
  9531 | D:8      | Found a flagged portal.
  9542 | Bailey   | Entered a bailey
  9902 | Bailey   | Reached XP level 10. HP: 74/74 MP: 8/19
  9977 | Bailey   | Noticed an orc knight
  9984 | Bailey   | Found an iron altar of Okawaru.
  9984 | Bailey   | Noticed an orc high priest
  9991 | Bailey   | Noticed a kobold demonologist
 10044 | Bailey   | Killed an orc knight
 10174 | Bailey   | Killed an orc high priest
 10175 | Bailey   | Reached skill level 5 in Dodging
 10280 | Bailey   | Reached *** piety under Fedhas
 10290 | Bailey   | HP: 3/74 [orc warrior/+0 hand axe (12)]
 10979 | Bailey   | Killed a kobold demonologist
 12060 | D:8      | Noticed a cyclops
 12076 | D:8      | Killed a cyclops
 12077 | D:8      | Reached XP level 11. HP: 74/83 MP: 21/21
 12104 | D:8      | Killed a deep elf pyromancer
 12105 | D:8      | Reached skill level 5 in Staves
 12499 | D:8      | Killed a cyclops
 12500 | D:8      | Reached skill level 5 in Stealth
 12667 | D:8      | Identified the +0 cloak of Polytheism {rElec rF++}
 12743 | D:8      | Noticed a two-headed ogre
 12751 | D:8      | Killed a two-headed ogre
 13785 | D:9      | Found a sparkling altar of Nemelex Xobeh.
 13807 | D:9      | Found a staircase to the Orcish Mines.
 14345 | D:9      | Noticed a manticore
 14346 | D:9      | Found a huge runed translucent gate.
 14347 | D:9      | Found a huge runed translucent gate.
 14347 | D:9      | Found a huge runed translucent gate.
 14347 | D:9      | Found a huge runed translucent gate.
 14347 | D:9      | Noticed a manticore
 14426 | D:9      | Found a basalt altar of Yredelemnul.
 14433 | D:9      | Learned a level 3 spell: Tukima's Dance
 14438 | D:9      | Learned a level 4 spell: Passage of Golubria
 14456 | D:9      | Acquired a staff of earth
 14578 | D:10     | Entered Level 10 of the Dungeon
 14974 | D:10     | Reached **** piety under Fedhas
 15137 | D:10     | Noticed Josephine
 15181 | D:10     | Killed Josephine
 15414 | D:10     | Reached XP level 12. HP: 82/92 MP: 22/22
 15651 | D:10     | Found a staircase to the Lair.
 16000 | D:11     | Acquired the Atlas of Charred Transfiguration
 16460 | D:11     | Reached skill level 5 in Transmutations
 16474 | D:11     | Reached skill level 1 in Shields
 16723 | D:11     | Found a transporter.
 16723 | D:11     | Found a transporter.
 16723 | D:11     | Noticed a boulder beetle
 16829 | D:12     | Noticed a two-headed ogre
 16842 | D:12     | Killed a two-headed ogre
 17013 | D:12     | Found a flickering gateway to a bazaar.
 17043 | Bazaar   | Entered a bazaar
 17103 | Bazaar   | Found Woqeapekk's Book Shoppe.
 17163 | Bazaar   | Found Veghanodgh's Jewellery Shoppe.
 17210 | Bazaar   | Found Raunasm's Jewellery Boutique.
 17230 | Bazaar   | Found Vat Zusu's Jewellery Shoppe.
 17352 | Bazaar   | Bought a ring of magical power for 360 gold pieces
 17533 | Lair:1   | Entered Level 1 of the Lair of Beasts
 17699 | Lair:1   | Noticed an eight-headed hydra
 17706 | Lair:1   | Killed an eight-headed hydra
 17712 | Lair:1   | Noticed a five-headed hydra
 17727 | Lair:1   | Killed a five-headed hydra
 17753 | Lair:1   | You fall into a shaft and drop 1 floor!
 17846 | Lair:2   | Found a gate leading to a gauntlet.
 17870 | Gauntlet | Entered a Gauntlet
 17870 | Gauntlet | Noticed a catoblepas
 17870 | Gauntlet | Found a transporter.
 17939 | Gauntlet | Found a transporter.
 17941 | Gauntlet | Found a transporter.
 17946 | Gauntlet | Found a runed translucent door.
 17947 | Gauntlet | Noticed a sixfirhy
 17948 | Gauntlet | Found a runed translucent door.
 17950 | Gauntlet | Found a transporter.
 17954 | Gauntlet | Found a transporter.
 17955 | Gauntlet | Noticed a large abomination
 17961 | Gauntlet | Found a transporter.
 17974 | Gauntlet | Noticed a wretched star
 17976 | Gauntlet | Found a transporter.
 17989 | Gauntlet | Found a transporter.
 17996 | Gauntlet | Found a transporter.
 17996 | Gauntlet | Noticed a thrashing horror
 17998 | Gauntlet | Noticed a dire elephant
 18021 | Gauntlet | Found a transporter.
 18023 | Gauntlet | Noticed a sixfirhy
 18027 | Gauntlet | Found the +0 mask of the Dragon {Will+ Slay+3 SInv}
 18031 | Gauntlet | Found a transporter.
 18031 | Gauntlet | Found a transporter.
 18059 | Gauntlet | Learned a level 6 spell: Statue Form
 18064 | Gauntlet | Identified the ring "Meuxt" {rElec rPois rF- rN++ Will+}
 18081 | Gauntlet | Reached skill level 10 in Fighting
 18099 | Gauntlet | Killed a catoblepas
 18159 | Gauntlet | Found a transporter.
 18160 | Gauntlet | Killed a sixfirhy
 18161 | Gauntlet | Reached XP level 13. HP: 104/104 MP: 23/23
 18235 | Gauntlet | Killed a dire elephant
 18236 | Gauntlet | Found a transporter.
 18275 | Gauntlet | Identified the +2 pair of gloves of Demons {Int-5 Dex+3}
 18280 | Gauntlet | Gained mutation: You are dopey. (Int -2) [potion of
                  | mutation]
 18280 | Gauntlet | Gained mutation: You are very dopey. (Int -4) [potion of
                  | mutation]
 18280 | Gauntlet | Gained mutation: You are somewhat resistant to further
                  | mutation. [potion of mutation]
 18281 | Gauntlet | Lost mutation: You are somewhat resistant to further
                  | mutation. [potion of mutation]
 18281 | Gauntlet | Lost mutation: You are very dopey. (Int -4) [potion of
                  | mutation]
 18281 | Gauntlet | Gained mutation: You are agile. (Dex +4, Str/Int -1)
                  | [potion of mutation]
 18281 | Gauntlet | Gained mutation: You are strong-willed. (Will+) [potion of
                  | mutation]
 18297 | Gauntlet | Identified the +11 trident of the Priest {pain, rPois rC++
                  | MP+9 Str-4}
 18297 | Gauntlet | Identified the +1 chain mail of Momegu {Int+2 SInv}
 18297 | Gauntlet | Noticed a minotaur
 18328 | Gauntlet | Killed a minotaur
 18712 | Lair:2   | Reached skill level 1 in Ranged Weapons
 19003 | Lair:2   | Reached XP level 14. HP: 116/116 MP: 24/24
 19374 | Lair:3   | Found a hole to the Spider Nest.
 19585 | Lair:3   | Found a staircase to the Shoals.
 19632 | Lair:3   | Reached skill level 10 in Ranged Weapons
 20724 | Lair:4   | Found a staircase to the Slime Pits.
 21060 | Lair:4   | Reached XP level 15. HP: 126/126 MP: 25/25
 21134 | Lair:5   | Entered Level 5 of the Lair of Beasts
 21143 | Lair:4   | Reached ***** piety under Fedhas
 22934 | Lair:1   | Reached skill level 10 in Dodging
 23171 | D:12     | Found Utyow's Book Shoppe.
 23715 | D:13     | Reached XP level 16. HP: 127/133 MP: 26/26
 24797 | D:14     | Noticed Lodul
 24800 | D:14     | Killed Lodul
 24846 | D:14     | Found a white marble altar of Elyvilon.
 25222 | D:14     | Reached skill level 10 in Transmutations
 25302 | D:14     | Found a gate to the Vaults.
 25627 | D:14     | Reached skill level 5 in Shields
 25699 | D:15     | Entered Level 15 of the Dungeon
 25838 | D:15     | Found a frozen archway.
 25854 | IceCv    | Entered an ice cave
 25917 | IceCv    | Reached ****** piety under Fedhas
 26084 | IceCv    | Noticed a white draconian knight
 26098 | IceCv    | HP: 4/133 [white draconian knight/+0 glaive of freezing
                  | (8)]
 26098 | IceCv    | Killed from afar by a white draconian

Illustrated notes

Levels and vault maps discovered:
D:1:      minmay_arrival_radiant_lines, layout_loops_corners
D:2:      layout_basic, serial_shops, shop
D:3:      layout_basic, kb_xom_exploding_sheep,
          mainiacjoe_overflow_surrounded_room, serial_rivers,
          chequers_serial_rivers_room_b, chequers_serial_rivers_room_b,
          chequers_serial_rivers_small_b, chequers_serial_rivers_small_3,
          ebering_ghost_rock_garden, serial_shops, nicolae_shop_behind_doors,
          shapermc_ecumenical_altar_totnotflames, uniq_natasha,
          uniq_crazy_yiuf_cottage
D:4:      layout_loops_cross, amcnicky_altar_gilded, tso_altar,
          worldfamousw_hep_ancestral_shrine,
          lightli_ossuary_entry_decrepit_ruins, kennysheep_generic_room_6
D:5:      layout_rooms, nicolae_dithmenos_the_darkroom,
          mainiacjoe_overflow_concentric_impassable, minmay_gold_behind_fungi,
          uniq_sigmund, uniq_duvessa
D:6:      cheibrodos_thug_alley, layout_loops_ring,
          eat_drink_and_be_merry_uskayaw, minmay_temple_entry_arrows,
          serial_shops, nicolae_diamond_shop
D:7:      layout_basic, serial_co_window_serial, co_window_of_opportunity_a,
          co_window_paths_a, co_window_of_opportunity_a,
          co_window_of_opportunity_a, co_window_paths_a,
          co_window_unsneaky_path_d, co_window_corner_ca,
          co_window_of_opportunity_b, co_window_unsneaky_path_b,
          co_window_of_opportunity_b, co_window_broadway_b, co_window_corner_ca,
          co_window_sun, co_window_paths_e, glass_columns_b, glass_columns_a,
          glass_columns_a, glass_columns_c, glass_columns_b
D:8:      minmay_curly_fans, layout_loops_cross, enter_bailey_2
D:9:      lemuel_bear_cage, layout_cave_pools, kennysheep_mini_moat,
          nemelex_spade_bored_becter, david_orc_3
D:10:     layout_rooms, lair_entry_dummy, minmay_between, uniq_josephine
D:11:     gammafunk_boulding_lane, layout_rooms
D:12:     layout_loops_cross, serial_glass, glass_columns_a, glass_columns_b,
          serial_shops, bzr_in_the_mist, kennysheep_mini
D:13:     layout_grid_maze
D:14:     layout_stronghold, skrybe_vaults_entry_preservation,
          nicolae_elyvilon_peaceful_grove, uniq_lodul
D:15:     hangedman_depths_entry_try_elsewhere_first, layout_basic,
          portal_ice_cave_entry_ice_statue_one, hangedman_abyss_or_decor_stabs,
          uniq_nessos
Lair:1:   minmay_lair_venomous_thicket, layout_regular_city, enter_volcano_2,
          cheibrodos_lair_reptile_den, infiniplex_staircase_pool_2
Lair:2:   layout_cave_pods, gauntlet_entry_generic,
          cheibrodos_lair_caveside_slide, nicolae_quartered_pool_impasse,
          beast_lair_carwin_7, serial_bayou_shore_b
Lair:3:   layout_concentric_octagons, minmay_shoals_entry_beasts,
          nicolae_spider_entry_orb_guardian, beast_lair_carwin_10
Lair:4:   layout_loops_ring, nicolae_slime_entry_slimehenge, beast_lair_carwin_9
Lair:5:   evilmike_catoblepas_cave, layout_small_grid
IceCv:    ice_cave_small_dragons

Skill      XL: |  1  2  3  4  5  6  7  8  9 10 11 12 13 14 15 16 |
---------------+-------------------------------------------------+-----
Dodging        | 2 3 5 7 10 | 10.0
Stealth        | 3 5 |  5.0
Earth Magic    | 4 5 6 8 |  8.0
Fighting       | 1 3 5 6 7 10 12 14 | 14.0
Spellcasting   | 3 5 6 7 |  7.0
Evocations     | 2 3 5 7 |  7.0
Invocations    | 4 5 7 |  7.0
Maces & Flails | 2 4 |  4.0
Throwing       | 3 |  3.0
Staves         | 3 7 |  7.5
Transmutations | 7 8 11 | 11.7
Shields        | 4 8 |  8.0
Ranged Weapons | 8 10 13 14 | 14.0

Action                   |  1- 3 |  4- 6 |  7- 9 | 10-12 | 13-15 | 16-18 || total
-------------------------+-------+-------+-------+-------+-------+-------++-------
Melee: Rapier            |    12 |     4 |       |       |       |       ||    16
       Whip              |       |    34 |    63 |    18 |       |       ||   115
       Punch             |       |     1 |     5 |     1 |       |       ||     7
       Flail             |       |       |    38 |       |       |       ||    38
       Quarterstaff      |       |       |       |   203 |    28 |    15 ||   246
 Fire: Arbalest          |       |       |       |       |   328 |   151 ||   479
Throw: Dart              |       |       |     1 |    21 |       |       ||    22
 Cast: Sandblast         |    44 |    32 |    95 |     9 |       |       ||   180
       Stone Arrow       |       |       |    67 |   135 |       |       ||   202
       Statue Form       |       |       |       |     2 |     1 |       ||     3
       Passwall          |       |       |       |     1 |       |       ||     1
Invok: Divine Shield     |       |       |     1 |       |       |       ||     1
       Wall of Briars    |       |       |       |     8 |    14 |     9 ||    31
       Grow Ballistomyce |       |       |       |     4 |     3 |     2 ||     9
 Abil: Dig               |       |       |     1 |       |       |       ||     1
Evoke: Wand              |       |     2 |     1 |    14 |    15 |     1 ||    33
  Use: Scroll            |     8 |     2 |    14 |    10 |     3 |     1 ||    38
       Potion            |       |     2 |     4 |     5 |     6 |     3 ||    20
 Stab: Distracted        |       |       |       |     4 |     1 |       ||     5
       Sleeping          |       |       |       |     2 |       |       ||     2
       Confused          |       |       |       |     1 |       |       ||     1
       Paralysed         |       |       |       |       |     1 |       ||     1
Armor: Robe              |     9 |    11 |    24 |    19 |     5 |     8 ||    76
       Leather armour    |       |       |     4 |       |       |       ||     4
       Skin              |       |       |       |    16 |    13 |       ||    29
Dodge: Dodged            |    29 |    32 |   141 |   143 |    51 |    40 ||   436
Block: Buckler           |       |       |       |    37 |    18 |     6 ||    61
       Kite shield       |       |       |       |       |       |    10 ||    10
       Reflection        |       |       |       |       |       |     2 ||     2

Table legend: (Time is in decaauts)
 A = Elapsed time spent in this place.
 B = Non-inter-level travel time spent in this place.
 C = Inter-level travel time spent in this place.
 D = Time resting spent in this place.
 E = Time spent auto-exploring this place.
 F = Levels seen in this place.
 G = Mean time per level.
                   A        B        C        D        E       F      G
               +--------+--------+--------+--------+--------+-----+--------+
         Total |  26619 |  25239 |   1380 |   1667 |  18906 |  25 | 1064.8 |
       Dungeon |  17801 |  16636 |   1165 |   1449 |  12427 |  15 | 1186.7 |
          Lair |   5133 |   4918 |    215 |     28 |   3907 |   5 | 1026.6 |
        Bazaar |    356 |    356 |      0 |      0 |    288 |   1 |  356.0 |
       Ossuary |    495 |    495 |      0 |      0 |    344 |   1 |  495.0 |
        Bailey |   1953 |   1953 |      0 |      5 |   1615 |   1 | 1953.0 |
      Ice Cave |    251 |    251 |      0 |     51 |    115 |   1 |  251.0 |
      Gauntlet |    627 |    627 |      0 |    134 |    209 |   1 |  627.0 |
               +--------+--------+--------+--------+--------+-----+--------+

Top non-repeatable levels by time:
  Bailey: 1953 daAuts
     D:6: 1786 daAuts
     D:8: 1673 daAuts
     D:4: 1550 daAuts
     D:7: 1548 daAuts
     D:3: 1511 daAuts
     D:9: 1418 daAuts
     D:5: 1238 daAuts
     D:1: 1129 daAuts
  Lair:2: 1122 daAuts
    D:13: 1121 daAuts
  Lair:5: 1116 daAuts
     D:2: 1083 daAuts
  Lair:3: 1070 daAuts
    D:11: 1023 daAuts
